 Dungeon Crawl Stone Soup version 0.29.1-2-gbd0b4ee654 (webtiles) character file.

Game seed: 14419890411339622892

527 qeuew the Conjurer (level 6, -4/45 HPs)
             Began as a Demigod Conjurer on Nov 5, 2022.
             Slain by an iguana (10 damage)
             ... on level 5 of the Dungeon.
             The game lasted 00:08:08 (3563 turns).

qeuew the Conjurer (Demigod Conjurer)               Turns: 3563, Time: 00:08:08

Health: -4/45      AC:  4    Str:  8    XL:     6   Next: 71%
Magic:  14/14      EV: 12    Int: 24    God:
Gold:   787        SH:  0    Dex: 16    Spells: 7/11 levels left

rFire   . . .      SeeInvis .   f - +1 long sword (holy)
rCold   . . .      Faith    .   (no shield)
rNeg    . . .      Spirit   .   o - +0 leather armour
rPois   +          Reflect  .   i - +0 helmet
rElec   .          Harm     .   (no cloak)
rCorr   .          Rampage  .   (no gloves)
Will    .....                   (no boots)
Stlth   ++........              j - amulet of magic regeneration
HPRegen 0.15/turn               d - ring of wizardry
MPRegen 0.54/turn               n - ring of poison resistance

@: no status effects
A: high MP 1, forlorn, divine attributes
a: no special abilities


You were on level 5 of the Dungeon.
You visited 2 branches of the dungeon, and saw 6 of its levels.

You collected 787 gold pieces.

Inventory:

Hand Weapons
 f - a +1 long sword of holy wrath (weapon)
Armour
 i - a +0 helmet (worn)
 o - a +0 leather armour (worn)
Jewellery
 d - a ring of wizardry (left hand)
 j - an amulet of magic regeneration (around neck)
 m - a ring of protection from fire
 n - a ring of poison resistance (right hand)
Scrolls
 a - a scroll of fog
 g - 3 scrolls of teleportation
Potions
 b - 2 potions of magic
 c - a potion of brilliance {unknown}
 h - 2 potions of flight
 k - a potion of curing


   Skills:
 - Level 2.4 Short Blades
 * Level 0.1(1.4) Long Blades
 * Level 2.3 Armour
 * Level 2.7 Dodging
 - Level 1.7 Stealth
 * Level 3.3 Spellcasting
 + Level 4.9 Conjurations
 * Level 1.7 Air Magic


You had 7 spell levels left.
You knew the following spells:

 Your Spells              Type           Power      Damage    Failure   Level
a - Magic Dart            Conj           100%       1d8       1%          1
b - Searing Ray           Conj           54%        2d6       1%          2
c - Shock                 Conj/Air       80%        1d8       1%          1

Your spell library contained the following spells:

 Spells                   Type           Power      Damage    Failure   Level
 Conjure Flame            Conj/Fire      15%        6-21      6%          3
 Dazzling Flash           Conj/Hex       30%        N/A       6%          3
 Swiftness                Air            12%        N/A       9%          3
 Ignite Poison            Fire/Tmut/Pois 4%         N/A       17%         3
 Portal Projectile        Hex/Tloc       8%         N/A       17%         3
 Tukima's Dance           Hex            4%         N/A       17%         3
 Fulminant Prism          Conj/Hex       7%         3d7       21%         4
 Iskenderun's Mystic Bla  Conj/Tloc      15%        2d5       21%         4
 Sticky Flame             Conj/Fire      15%        2d4       21%         4
 Airstrike                Air            6%         2d(1-17)  28%         4
 Blade Hands              Tmut           2%         N/A       82%         5


Dungeon Overview and Level Annotations

Branches:
Dungeon (5/15)             Temple (1/1) D:4

Shops:
D:2 *

Annotations:
D:2 1 runed translucent door, Crazy Yiuf


Innate Abilities, Weirdness & Mutations

You have an increased reservoir of magic. (+10% MP)
You shall have no god before yourself.
Your divine heritage dramatically boosts your attributes as you level up.


Message History

The jelly is heavily wounded.
The jelly barely misses you.
The magic dart hits the jelly.
The jelly is severely wounded.
The jelly hits you.
You are splashed with acid!
The magic dart hits the jelly!
You kill the jelly!
You can't see any susceptible monsters within range! (Use Z to cast anyway.) No target in view!
No target in view!
No target in view!
An iguana comes into view.
An iguana is nearby!
The magic dart hits the iguana.
The iguana is moderately wounded.
The iguana hisses angrily.
The magic dart hits the iguana.
The iguana is moderately wounded.
The magic dart hits the iguana.
The iguana is heavily wounded.
The iguana bites you!
The magic dart hits the iguana.
The iguana is severely wounded.
The iguana bites you!
An iguana is nearby!
You are too injured to fight recklessly!
You are too injured to fight recklessly!
You are too injured to fight recklessly!
You are too injured to fight recklessly!
You are too injured to fight recklessly!
You are too injured to fight recklessly!
The iguana bites you!
You hit the iguana.
The iguana is almost dead.
The iguana bites you!
* * * LOW HITPOINT WARNING * * *
You hit the iguana but do no damage.
The iguana is almost dead.
The iguana bites you!
You die...

#######
#####.....########
#...).......(.....
######.###.....########
#....l@# #.....#
#.....## #.....# #...>.
####### ####+#


You could see an iguana.

Vanquished Creatures
  Sigmund (D:2)
  A phantom (D:4)
  A hound (D:5)
  An orc priest (D:4)
  A jelly (D:5)
  Jessica (D:2)
  Natasha (twice) (D:3)
  An iguana (D:4)
  2 adders
  2 worms
  A dart slug (D:3)
  10 orcs
  7 ball pythons
  4 endoplasms
  3 giant cockroaches (D:4)
  5 goblins
  6 hobgoblins
  4 quokkas
  3 bats
  2 frilled lizards
  5 kobolds
  21 rats
84 creatures vanquished.

Vanquished Creatures (others)
  6 fungi (D:3)
6 creatures vanquished.

Grand Total: 90 creatures vanquished

Notes
Turn   | Place    | Note
-------+----------+-------------------------------------------
     0 | D:1      | qeuew the Demigod Conjurer began the quest for the Orb.
     0 | D:1      | Reached XP level 1. HP: 14/14 MP: 5/5
   369 | D:1      | Reached XP level 2. HP: 20/20 MP: 5/7
   372 | D:1      | Learned a level 2 spell: Searing Ray
   856 | D:2      | Learned a level 1 spell: Shock
   871 | D:2      | Reached skill level 4 in Conjurations
   944 | D:2      | Noticed Sigmund
   950 | D:2      | Killed Sigmund
   951 | D:2      | Reached skill level 1 in Short Blades
   951 | D:2      | Reached skill level 1 in Armour
   951 | D:2      | Reached skill level 1 in Air Magic
   951 | D:2      | Reached XP level 3. HP: 26/26 MP: 2/9
   951 | D:2      | Reached XP level 4. HP: 33/33 MP: 2/10
   951 | D:2      | Reached XP level 5. HP: 38/38 MP: 2/11
  1061 | D:2      | Found a runed translucent door.
  1062 | D:2      | Noticed Crazy Yiuf
  1201 | D:2      | Found Sukhlemuw's Assorted Antiques.
  1363 | D:2      | Noticed Jessica
  1366 | D:2      | Killed Jessica
  1985 | D:3      | Noticed Natasha
  1988 | D:3      | Killed Natasha
  2093 | D:3      | Noticed Natasha
  2096 | D:3      | Killed Natasha
  2256 | D:3      | Identified a scroll of acquirement
  2256 | D:3      | Acquired 574 gold pieces
  2403 | D:4      | Reached XP level 6. HP: 45/45 MP: 7/13
  2480 | D:4      | Found a staircase to the Ecumenical Temple.
  2498 | Temple   | Entered the Ecumenical Temple
  3327 | D:5      | Entered Level 5 of the Dungeon
  3563 | D:5      | Slain by an iguana

Illustrated notes

Levels and vault maps discovered:
D:1:      minmay_arrival_nine_rooms, layout_basic, grunt_decor_arrowhead,
          dreamdust_princess_bridge
D:2:      layout_loops_ring, serial_shops, nicolae_shop_waterfront,
          minmay_rat_hole, uniq_sigmund, uniq_jessica, uniq_crazy_yiuf_cottage
D:3:      layout_loops_ring, mainiacjoe_overflow_chevrons,
          hangedman_abyss_or_decor_stabs, uniq_natasha
D:4:      layout_loops_ring, nicolae_overflow_two_pavilions,
          gammafunk_temple_overflow_claw, minmay_temple_entry_proselytizer
D:5:      layout_basic, minmay_hedge_maze
Temple:   hellmonk_temple_rainy

Skill      XL: |  1  2  3  4  5  6 |
---------------+-------------------+-----
Dodging        | 2 |  2.7
Conjurations   | 4 |  4.9
Spellcasting   | 2 3 |  3.3
Short Blades   | 1 2 |  2.4
Armour         | 1 2 |  2.3
Air Magic      | 1 |  1.7
Long Blades    | |  0.1
Stealth        | |  1.7

Action                   |  1- 3 |  4- 6 || total
-------------------------+-------+-------++-------
Melee: Unarmed           |     2 |       ||     2
       Short sword       |     1 |     7 ||     8
       Long sword        |       |     2 ||     2
 Cast: Magic Dart        |    28 |    88 ||   116
       Shock             |    14 |    24 ||    38
       Searing Ray       |     2 |     8 ||    10
  Use: Scroll            |     5 |     8 ||    13
       Potion            |     1 |     3 ||     4
Armor: Robe              |     2 |       ||     2
       Leather armour    |       |     7 ||     7
Dodge: Dodged            |     4 |    22 ||    26
